Connexion

FLORIDA Panthers vs BOSTON Bruins

Created - 25 avril 2024 at 05:49

Goals
1 2 3 T
FLORIDA Panthers 0 1 3 4
BOSTON Bruins 0 4 1 5
Shots
1 2 3 T
FLORIDA Panthers 9 7 9 25
BOSTON Bruins 5 11 8 24

GoalsPenalties
1st period
No Goal
Kaapo Kakko (BOS) for Roughing (Minor) at 7:49
2nd period
1. BOSTON Bruins , Jonathan Marchessault 5 (Mikael Granlund 5) at 3:15
2. BOSTON Bruins , Mikael Granlund 4 (Jonathan Marchessault 4, Adam Boqvist 7) at 4:23
3. FLORIDA Panthers , Barclay Goodrow 1 (Justin Scott 4, Jacob Trouba 4) at 8:06
4. BOSTON Bruins , Andre Burakovsky 3 (Matt Dumba 6, Dmitri Orlov 8) at 17:37 (PP)
5. BOSTON Bruins , Mikael Granlund 5 (Jonathan Marchessault 5, Matt Dumba 7) at 19:00
Justin Scott (FLO) for Interference (Minor) at 17:17
3rd period
6. BOSTON Bruins , Rasmus Andersson 1 (Adam Boqvist 8, Mikael Granlund 6) at 3:21 (PP)
7. FLORIDA Panthers , Justin Scott 3 (Mikael Backlund 3, Jared Spurgeon 8) at 4:06 (PP)
8. FLORIDA Panthers , Rickard Rakell 3 (Mark Scheifele 4, Jared Spurgeon 9) at 5:32
9. FLORIDA Panthers , Mario Ferraro 2 (Justin Scott 5, Rickard Rakell 6) at 11:17 (PP)
Jacob Trouba (FLO) for Tripping (Minor) at 2:38
Henri Jokiharju (BOS) for Tripping (Minor) at 3:42
Mikael Granlund (BOS) for Tripping (Minor) at 9:51
Goalie Stats
Petr Mrazek (FLO), 12 saves from 16 shots - (0,750), 39:00 minutes
Jake Allen (FLO), 7 saves from 8 shots - (0,875), L, 1-1-0, 20:06 minutes
Jacob Markstrom (BOS), 21 saves from 25 shots - (0,840), W, 6-0-0, 60:00 minutes
3 StarsOfficial
1 - Mikael Granlund (BOS)
2 - Jonathan Marchessault (BOS)
3 - Justin Scott (FLO)
Referees : Ghislain Hebert and Marc Joannette
Linesman : Don Henderson and Jay Sharrers
Game Note
Jake Allen enters game at 19:00 of 2nd period
Finance
Level 1 -- Attendance: 6000 (100,00%) -- Ticket Income $810,000
Level 2 -- Attendance: 4565 (100,00%) -- Ticket Income $502,150
Level 3 -- Attendance: 2000 (100,00%) -- Ticket Income $110,000
Level 4 -- Attendance: 4000 (100,00%) -- Ticket Income $140,000
Luxury Box -- Attendance: 1000 (100,00%) -- Ticket Income $230,000
Game was played at the TD Garden.
Total Attendance: 17565 (100,00%)
Total Ticket Income: $1,792,150
Other Income: $358,430
Total Income: $2,150,580



Team Name Goals Shots Shots Attemp Shots Blocked PIM HIT PP PK FO%
FLORIDA Panthers 4254954242 / 3 (67%)245%
BOSTON Bruins 5244866202 / 2 (100%)255%

FLORIDA Panthers
Player Name POS G A P +/- PIM HIT SHT SB MP PP MP PP SHT PK MP PK SHT FO% FOT
Barclay GoodrowLW/RW1011024014:340:0000:000100% 1
Carter VerhaegheC/RW000-2021018:470:0000:000100% 1
Cody EakinC/LW0001002014:340:0000:00037% 19
Ian ColeD000-1020019:191:3800:1000% 0
Jacob TroubaD0111230014:480:0000:0000% 0
Jared Spurgeon D022-1034225:522:1110:5300% 0
Justin ScottC/LW/RW1231233016:051:3510:0000% 0
Kiril KaprizovLW0000034021:372:1401:0300% 2
Mario FerraroD101-1002119:191:3820:1000% 0
Mark ScheifeleC0110011021:562:1401:03046% 28
Michael BuntingLW000000003:300:0000:0000% 0
Mikael BacklundC/LW011-2001020:001:3500:00056% 18
Morgan GeekieC000000003:300:0000:00060% 5
Nikita ZadorovD0001010114:490:0000:0000% 0
Nikolay GoldobinLW/RW000-2001025:082:1400:0000% 2
Noah HanifinD000-1010125:522:1100:5300% 0
Rickard RakellC/LW/RW1120032019:151:3500:0000% 1
Taro HiroseLW000000000:000:0000:0000% 0
BOSTON Bruins
Player Name POS G A P +/- PIM HIT SHT SB MP PP MP PP SHT PK MP PK SHT FO% FOT
Adam BoqvistD0220020020:170:2001:4200% 0
Alex IafalloC/LW0000000011:360:0000:0000% 2
Andre BurakovskyC/LW/RW101-1003018:360:1211:1200% 1
Brandon TanevLW/RW000000007:000:0000:0000% 0
Dmitri OrlovD0111000123:470:4300:0000% 0
Elias PetterssonC000-1003118:020:1200:38050% 14
Henri JokiharjuD0000230015:290:0001:4100% 0
Jake DeBruskLW/RW0002010022:060:5101:5500% 2
Jonathan MarchessaultRW1232045020:490:5100:38050% 4
Kaapo KakkoRW000-1212017:230:1200:0000% 0
Matt DumbaD0221023024:130:4320:2600% 0
Matt GrzelcykD0000011215:370:0001:4800% 0
Mikael GranlundC/LW2242215021:220:5101:12072% 29
Rasmus AnderssonD1010021020:360:2012:0100% 0
Ryan Carpenter C/RW0000031012:530:0001:17033% 3
Thomas NovakC0000000119:220:0000:46050% 22
Walker DuehrRW000000000:000:0000:0000% 0
Zachary SenyshynRW000000017:000:0000:0000% 0



Play-by-Play

1st period


0:01 of 1st period - Mikael Granlund wins face-off versus Nikolay Goldobin in neutral zone.
0:33 of 1st period - Shot by Jonathan Marchessault.
0:33 of 1st period - Stopped by Petr Mrazek without a rebound.
0:34 of 1st period - Elias Pettersson wins face-off versus Kiril Kaprizov in FLORIDA Panthers zone.
0:50 of 1st period - Andre Burakovsky is hit by Ian Cole and loses puck.
1:29 of 1st period - Matt Grzelcyk is hit by Rickard Rakell and loses puck.
2:49 of 1st period - Shot by Carter Verhaeghe.
2:49 of 1st period - Stopped by Jacob Markstrom without a rebound.
2:50 of 1st period - Mikael Granlund wins face-off versus Morgan Geekie in BOSTON Bruins zone.
3:21 of 1st period - Shot by Dmitri Orlov.
3:21 of 1st period - Shot Misses the Net.
4:21 of 1st period - Shot by Andre Burakovsky.
4:21 of 1st period - Stopped by Petr Mrazek without a rebound.
4:22 of 1st period - Thomas Novak wins face-off versus Cody Eakin in FLORIDA Panthers zone.
4:22 of 1st period - Thomas Novak is hit by Jacob Trouba.
5:05 of 1st period - Icing by Matt Dumba.
5:06 of 1st period - Mikael Backlund wins face-off versus Thomas Novak in BOSTON Bruins zone.
5:55 of 1st period - Shot by Jake DeBrusk.
5:55 of 1st period - Shot Misses the Net.
6:08 of 1st period - Off-side.
6:09 of 1st period - Elias Pettersson wins face-off versus Mark Scheifele in neutral zone.
6:24 of 1st period - Shot by Elias Pettersson.
6:24 of 1st period - Shot Misses the Net.
6:40 of 1st period - Shot by Mark Scheifele.
6:40 of 1st period - Stopped by Jacob Markstrom without a rebound.
6:41 of 1st period - Mikael Granlund wins face-off versus Cody Eakin in BOSTON Bruins zone.
6:41 of 1st period - Mikael Granlund is hit by Barclay Goodrow.
7:49 of 1st period - Minor Penalty to Kaapo Kakko for Roughing.
7:50 of 1st period - Mark Scheifele wins face-off versus Mikael Granlund in BOSTON Bruins zone.
9:37 of 1st period - Shot by Jared Spurgeon .
9:37 of 1st period - Stopped by Jacob Markstrom without a rebound.
9:38 of 1st period - Mikael Granlund wins face-off versus Mark Scheifele in BOSTON Bruins zone.
9:51 of 1st period - Shot by Kiril Kaprizov.
9:51 of 1st period - Stopped by Jacob Markstrom without a rebound.
9:52 of 1st period - Thomas Novak wins face-off versus Cody Eakin in BOSTON Bruins zone.
10:11 of 1st period - Dmitri Orlov is hit by Barclay Goodrow and loses puck.
10:22 of 1st period - Shot by Barclay Goodrow.
10:22 of 1st period - Stopped by Jacob Markstrom with a rebound.
10:28 of 1st period - Shot by Justin Scott.
10:28 of 1st period - Shot Misses the Net.
10:56 of 1st period - Shot by Carter Verhaeghe.
10:56 of 1st period - Shot Misses the Net.
11:20 of 1st period - Shot by Elias Pettersson.
11:20 of 1st period - Stopped by Petr Mrazek without a rebound.
11:21 of 1st period - Mark Scheifele wins face-off versus Mikael Granlund in FLORIDA Panthers zone.
11:26 of 1st period - Shot by Jonathan Marchessault.
11:26 of 1st period - Stopped by Petr Mrazek without a rebound.
11:27 of 1st period - Mikael Granlund wins face-off versus Mark Scheifele in FLORIDA Panthers zone.
12:34 of 1st period - Shot by Dmitri Orlov.
12:34 of 1st period - Shot Misses the Net.
13:06 of 1st period - Matt Dumba is hit by Kiril Kaprizov.
14:06 of 1st period - Shot by Carter Verhaeghe.
14:06 of 1st period - Shot Misses the Net.
14:18 of 1st period - Shot by Cody Eakin.
14:18 of 1st period - Shot Misses the Net.
14:20 of 1st period - Shot by Cody Eakin.
14:20 of 1st period - Shot Blocked by Elias Pettersson.
14:22 of 1st period - Shot by Cody Eakin.
14:22 of 1st period - Shot Misses the Net.
14:50 of 1st period - Shot by Justin Scott.
14:50 of 1st period - Stopped by Jacob Markstrom without a rebound.
14:51 of 1st period - Morgan Geekie wins face-off versus Jake DeBrusk in BOSTON Bruins zone.
14:51 of 1st period - Morgan Geekie is hit by Matt Dumba.
14:58 of 1st period - Icing by Matt Dumba.
14:59 of 1st period - Morgan Geekie wins face-off versus Jonathan Marchessault in BOSTON Bruins zone.
15:57 of 1st period - Off-side.
15:58 of 1st period - Cody Eakin wins face-off versus Thomas Novak in neutral zone.
16:20 of 1st period - Cody Eakin is hit by Adam Boqvist and loses puck.
16:25 of 1st period - Shot by Justin Scott.
16:25 of 1st period - Shot Misses the Net.
16:35 of 1st period - Shot by Justin Scott.
16:35 of 1st period - Shot Misses the Net.
16:37 of 1st period - Shot by Barclay Goodrow.
16:37 of 1st period - Stopped by Jacob Markstrom without a rebound.
16:38 of 1st period - Mark Scheifele wins face-off versus Elias Pettersson in BOSTON Bruins zone.
17:10 of 1st period - Shot by Kiril Kaprizov.
17:10 of 1st period - Stopped by Jacob Markstrom without a rebound.
17:11 of 1st period - Mikael Granlund wins face-off versus Cody Eakin in BOSTON Bruins zone.
17:18 of 1st period - Shot by Mikael Granlund.
17:18 of 1st period - Deflect By Jonathan Marchessault.
17:18 of 1st period - Shot Misses the Net.
17:26 of 1st period - Shot by Mikael Granlund.
17:26 of 1st period - Stopped by Petr Mrazek without a rebound.
17:27 of 1st period - Thomas Novak wins face-off versus Mikael Backlund in FLORIDA Panthers zone.
17:27 of 1st period - Rasmus Andersson is hit by Jacob Trouba and loses puck.
17:50 of 1st period - Mikael Backlund is hit by Ryan Carpenter and loses puck.
19:32 of 1st period - Shot by Kiril Kaprizov.
19:32 of 1st period - Shot Misses the Net.
19:34 of 1st period - Shot by Jared Spurgeon .
19:34 of 1st period - Stopped by Jacob Markstrom without a rebound.
19:35 of 1st period - Cody Eakin wins face-off versus Thomas Novak in BOSTON Bruins zone.
Goals for this period are 0 for FLORIDA Panthers vs 0 for BOSTON Bruins.
Shots for this period are 9 for FLORIDA Panthers vs 5 for BOSTON Bruins.

2nd period


0:01 of 2nd period - Mikael Granlund wins face-off versus Mikael Backlund in neutral zone.
0:59 of 2nd period - Off-side.
1:00 of 2nd period - Elias Pettersson wins face-off versus Mark Scheifele in neutral zone.
1:00 of 2nd period - Andre Burakovsky is hit by Kiril Kaprizov and loses puck.
2:07 of 2nd period - Barclay Goodrow is hit by Rasmus Andersson and loses puck.
2:30 of 2nd period - Shot by Thomas Novak.
2:30 of 2nd period - Shot Misses the Net.
2:32 of 2nd period - Shot by Alex Iafallo.
2:32 of 2nd period - Shot Misses the Net.
2:38 of 2nd period - Shot by Ryan Carpenter .
2:38 of 2nd period - Shot Misses the Net.
2:51 of 2nd period - Icing by Cody Eakin.
2:52 of 2nd period - Jonathan Marchessault wins face-off versus Cody Eakin in FLORIDA Panthers zone.
2:56 of 2nd period - Jake DeBrusk is hit by Nikita Zadorov and loses puck.
3:15 of 2nd period - Shot by Jonathan Marchessault.
3:15 of 2nd period - Goal by Jonathan Marchessault - FLORIDA Panthers : 0 - BOSTON Bruins : 1.
3:16 of 2nd period - Mikael Backlund wins face-off versus Thomas Novak in neutral zone.
4:15 of 2nd period - Icing by Ian Cole.
4:16 of 2nd period - Mikael Granlund wins face-off versus Kiril Kaprizov in FLORIDA Panthers zone.
4:23 of 2nd period - Shot by Mikael Granlund.
4:23 of 2nd period - Goal by Mikael Granlund - FLORIDA Panthers : 0 - BOSTON Bruins : 2.
4:24 of 2nd period - Mikael Granlund wins face-off versus Mark Scheifele in neutral zone.
4:27 of 2nd period - Kiril Kaprizov is hit by Mikael Granlund and loses puck.
4:32 of 2nd period - Shot by Mikael Granlund.
4:32 of 2nd period - Shot Misses the Net.
5:44 of 2nd period - Shot by Jared Spurgeon .
5:44 of 2nd period - Shot Blocked by Matt Grzelcyk.
5:54 of 2nd period - Shot by Andre Burakovsky.
5:54 of 2nd period - Stopped by Petr Mrazek without a rebound.
5:55 of 2nd period - Thomas Novak wins face-off versus Cody Eakin in FLORIDA Panthers zone.
6:12 of 2nd period - Jacob Trouba is hit by Matt Dumba and loses puck.
6:16 of 2nd period - Icing by Dmitri Orlov.
6:17 of 2nd period - Thomas Novak wins face-off versus Mikael Backlund in BOSTON Bruins zone.
7:08 of 2nd period - Icing by Dmitri Orlov.
7:09 of 2nd period - Thomas Novak wins face-off versus Mark Scheifele in BOSTON Bruins zone.
7:09 of 2nd period - Thomas Novak is hit by Mark Scheifele.
7:47 of 2nd period - Shot by Kiril Kaprizov.
7:47 of 2nd period - Stopped by Jacob Markstrom without a rebound.
7:48 of 2nd period - Elias Pettersson wins face-off versus Cody Eakin in BOSTON Bruins zone.
7:48 of 2nd period - Elias Pettersson is hit by Justin Scott.
8:06 of 2nd period - Shot by Barclay Goodrow.
8:06 of 2nd period - Goal by Barclay Goodrow - FLORIDA Panthers : 1 - BOSTON Bruins : 2.
8:07 of 2nd period - Mikael Granlund wins face-off versus Mikael Backlund in neutral zone.
9:23 of 2nd period - Elias Pettersson is hit by Rickard Rakell.
9:56 of 2nd period - Shot by Kaapo Kakko.
9:56 of 2nd period - Stopped by Petr Mrazek without a rebound.
9:57 of 2nd period - Cody Eakin wins face-off versus Alex Iafallo in FLORIDA Panthers zone.
10:02 of 2nd period - Shot by Justin Scott.
10:02 of 2nd period - Shot Misses the Net.
10:21 of 2nd period - Shot by Thomas Novak.
10:21 of 2nd period - Shot Misses the Net.
10:23 of 2nd period - Shot by Matt Grzelcyk.
10:23 of 2nd period - Stopped by Petr Mrazek without a rebound.
10:24 of 2nd period - Thomas Novak wins face-off versus Mikael Backlund in FLORIDA Panthers zone.
10:49 of 2nd period - Shot by Thomas Novak.
10:49 of 2nd period - Shot Misses the Net.
10:59 of 2nd period - Shot by Nikolay Goldobin.
10:59 of 2nd period - Shot Blocked by Thomas Novak.
11:01 of 2nd period - Shot by Carter Verhaeghe.
11:01 of 2nd period - Shot Blocked by Zachary Senyshyn.
11:03 of 2nd period - Shot by Noah Hanifin.
11:03 of 2nd period - Shot Blocked by Dmitri Orlov.
11:07 of 2nd period - Shot by Nikolay Goldobin.
11:07 of 2nd period - Stopped by Jacob Markstrom without a rebound.
11:08 of 2nd period - Mikael Granlund wins face-off versus Mark Scheifele in BOSTON Bruins zone.
11:08 of 2nd period - Mikael Granlund is hit by Rickard Rakell.
11:20 of 2nd period - Shot by Jonathan Marchessault.
11:20 of 2nd period - Shot Blocked by Mario Ferraro.
11:22 of 2nd period - Shot by Mikael Granlund.
11:22 of 2nd period - Deflect By Jonathan Marchessault.
11:22 of 2nd period - Stopped by Petr Mrazek without a rebound.
11:23 of 2nd period - Cody Eakin wins face-off versus Elias Pettersson in FLORIDA Panthers zone.
11:29 of 2nd period - Nikita Zadorov is hit by Henri Jokiharju and loses puck.
11:37 of 2nd period - Barclay Goodrow is hit by Henri Jokiharju.
11:52 of 2nd period - Justin Scott is hit by Henri Jokiharju.
11:56 of 2nd period - Shot by Barclay Goodrow.
11:56 of 2nd period - Shot Misses the Net.
11:58 of 2nd period - Shot by Cody Eakin.
11:58 of 2nd period - Stopped by Jacob Markstrom without a rebound.
11:59 of 2nd period - Mikael Backlund wins face-off versus Mikael Granlund in BOSTON Bruins zone.
12:14 of 2nd period - Shot by Jonathan Marchessault.
12:14 of 2nd period - Stopped by Petr Mrazek without a rebound.
12:15 of 2nd period - Mark Scheifele wins face-off versus Thomas Novak in FLORIDA Panthers zone.
12:15 of 2nd period - Mark Scheifele is hit by Ryan Carpenter .
12:23 of 2nd period - Icing by Adam Boqvist.
12:24 of 2nd period - Mikael Backlund wins face-off versus Alex Iafallo in BOSTON Bruins zone.
13:33 of 2nd period - Shot by Mikael Granlund.
13:33 of 2nd period - Stopped by Petr Mrazek without a rebound.
13:34 of 2nd period - Mark Scheifele wins face-off versus Andre Burakovsky in FLORIDA Panthers zone.
13:34 of 2nd period - Mark Scheifele is hit by Kaapo Kakko.
15:05 of 2nd period - Cody Eakin is hit by Matt Grzelcyk.
15:25 of 2nd period - Shot by Michael Bunting.
15:25 of 2nd period - Deflect By Nikolay Goldobin.
15:25 of 2nd period - Shot Misses the Net.
15:27 of 2nd period - Shot by Morgan Geekie.
15:27 of 2nd period - Deflect By Nikolay Goldobin.
15:27 of 2nd period - Shot Misses the Net.
15:29 of 2nd period - Shot by Jared Spurgeon .
15:29 of 2nd period - Stopped by Jacob Markstrom without a rebound.
15:30 of 2nd period - Mikael Backlund wins face-off versus Mikael Granlund in BOSTON Bruins zone.
15:36 of 2nd period - Icing by Matt Dumba.
15:37 of 2nd period - Mikael Granlund wins face-off versus Mark Scheifele in BOSTON Bruins zone.
16:29 of 2nd period - Mario Ferraro is hit by Jonathan Marchessault and loses puck.
16:56 of 2nd period - Shot by Carter Verhaeghe.
16:56 of 2nd period - Shot Misses the Net.
16:58 of 2nd period - Shot by Mario Ferraro.
16:58 of 2nd period - Shot Misses the Net.
17:17 of 2nd period - Minor Penalty to Justin Scott for Interference.
17:18 of 2nd period - Mikael Granlund wins face-off versus Mark Scheifele in FLORIDA Panthers zone.
17:23 of 2nd period - Shot by Dmitri Orlov.
17:23 of 2nd period - Shot Blocked by Jared Spurgeon .
17:25 of 2nd period - Shot by Matt Dumba.
17:25 of 2nd period - Stopped by Petr Mrazek without a rebound.
17:26 of 2nd period - Mark Scheifele wins face-off versus Elias Pettersson in FLORIDA Panthers zone.
17:35 of 2nd period - Shot by Matt Dumba.
17:35 of 2nd period - Shot Misses the Net.
17:37 of 2nd period - Shot by Andre Burakovsky.
17:37 of 2nd period - Goal by Andre Burakovsky - FLORIDA Panthers : 1 - BOSTON Bruins : 3.
17:38 of 2nd period - Thomas Novak wins face-off versus Cody Eakin in neutral zone.
18:12 of 2nd period - Icing by Justin Scott.
18:13 of 2nd period - Mikael Granlund wins face-off versus Cody Eakin in FLORIDA Panthers zone.
18:40 of 2nd period - Icing by Jake DeBrusk.
18:41 of 2nd period - Mikael Backlund wins face-off versus Mikael Granlund in BOSTON Bruins zone.
18:44 of 2nd period - Shot by Jared Spurgeon .
18:44 of 2nd period - Stopped by Jacob Markstrom with a rebound.
19:00 of 2nd period - Shot by Mikael Granlund.
19:00 of 2nd period - Goal by Mikael Granlund - FLORIDA Panthers : 1 - BOSTON Bruins : 4.
19:00 of 2nd period - Jake Allen enters game.
19:01 of 2nd period - Elias Pettersson wins face-off versus Mark Scheifele in neutral zone.
19:21 of 2nd period - Off-side.
19:22 of 2nd period - Thomas Novak wins face-off versus Mikael Backlund in neutral zone.
19:27 of 2nd period - Jared Spurgeon is hit by Ryan Carpenter and loses puck.
19:48 of 2nd period - Shot by Noah Hanifin.
19:48 of 2nd period - Shot Blocked by Matt Grzelcyk.
19:50 of 2nd period - Shot by Mikael Backlund.
19:50 of 2nd period - Stopped by Jacob Markstrom without a rebound.
19:51 of 2nd period - Mark Scheifele wins face-off versus Mikael Granlund in BOSTON Bruins zone.
Goals for this period are 1 for FLORIDA Panthers vs 4 for BOSTON Bruins.
Shots for this period are 7 for FLORIDA Panthers vs 11 for BOSTON Bruins.

3rd period


0:01 of 3rd period - Carter Verhaeghe wins face-off versus Mikael Granlund in neutral zone.
1:08 of 3rd period - Adam Boqvist is hit by Jared Spurgeon and loses puck.
2:10 of 3rd period - Off-side.
2:11 of 3rd period - Barclay Goodrow wins face-off versus Thomas Novak in neutral zone.
2:21 of 3rd period - Thomas Novak is hit by Justin Scott and loses puck.
2:38 of 3rd period - Minor Penalty to Jacob Trouba for Tripping.
2:39 of 3rd period - Mark Scheifele wins face-off versus Mikael Granlund in FLORIDA Panthers zone.
2:39 of 3rd period - Mark Scheifele is hit by Jonathan Marchessault.
2:49 of 3rd period - Ian Cole is hit by Jonathan Marchessault.
3:01 of 3rd period - Shot by Matt Dumba.
3:01 of 3rd period - Stopped by Jake Allen without a rebound.
3:02 of 3rd period - Mikael Granlund wins face-off versus Mark Scheifele in FLORIDA Panthers zone.
3:19 of 3rd period - Shot by Rasmus Andersson.
3:19 of 3rd period - Shot Misses the Net.
3:21 of 3rd period - Shot by Rasmus Andersson.
3:21 of 3rd period - Goal by Rasmus Andersson - FLORIDA Panthers : 1 - BOSTON Bruins : 5.
3:22 of 3rd period - Mikael Backlund wins face-off versus Thomas Novak in neutral zone.
3:42 of 3rd period - Minor Penalty to Henri Jokiharju for Tripping.
3:43 of 3rd period - Mikael Granlund wins face-off versus Mikael Backlund in BOSTON Bruins zone.
4:06 of 3rd period - Shot by Justin Scott.
4:06 of 3rd period - Goal by Justin Scott - FLORIDA Panthers : 2 - BOSTON Bruins : 5.
4:07 of 3rd period - Morgan Geekie wins face-off versus Elias Pettersson in neutral zone.
4:13 of 3rd period - Off-side.
4:14 of 3rd period - Elias Pettersson wins face-off versus Nikolay Goldobin in neutral zone.
4:25 of 3rd period - Shot by Kaapo Kakko.
4:25 of 3rd period - Shot Misses the Net.
4:39 of 3rd period - Shot by Kaapo Kakko.
4:39 of 3rd period - Shot Misses the Net.
5:12 of 3rd period - Icing by Noah Hanifin.
5:13 of 3rd period - Mikael Granlund wins face-off versus Mark Scheifele in FLORIDA Panthers zone.
5:26 of 3rd period - Shot by Rickard Rakell.
5:26 of 3rd period - Shot Misses the Net.
5:28 of 3rd period - Shot by Mark Scheifele.
5:28 of 3rd period - Shot Misses the Net.
5:30 of 3rd period - Shot by Mark Scheifele.
5:30 of 3rd period - Shot Misses the Net.
5:32 of 3rd period - Shot by Rickard Rakell.
5:32 of 3rd period - Goal by Rickard Rakell - FLORIDA Panthers : 3 - BOSTON Bruins : 5.
5:33 of 3rd period - Cody Eakin wins face-off versus Thomas Novak in neutral zone.
5:40 of 3rd period - Icing by Ryan Carpenter .
5:41 of 3rd period - Thomas Novak wins face-off versus Mark Scheifele in BOSTON Bruins zone.
5:45 of 3rd period - Off-side.
5:46 of 3rd period - Mikael Backlund wins face-off versus Jake DeBrusk in neutral zone.
6:03 of 3rd period - Matt Dumba is hit by Jared Spurgeon and loses puck.
6:08 of 3rd period - Shot by Mikael Granlund.
6:08 of 3rd period - Shot Misses the Net.
6:18 of 3rd period - Dmitri Orlov is hit by Carter Verhaeghe and loses puck.
6:37 of 3rd period - Mikael Granlund is hit by Carter Verhaeghe and loses puck.
6:45 of 3rd period - Dmitri Orlov is hit by Jared Spurgeon and loses puck.
8:17 of 3rd period - Icing by Henri Jokiharju.
8:18 of 3rd period - Thomas Novak wins face-off versus Morgan Geekie in BOSTON Bruins zone.
9:18 of 3rd period - Icing by Jared Spurgeon .
9:19 of 3rd period - Jonathan Marchessault wins face-off versus Cody Eakin in FLORIDA Panthers zone.
9:20 of 3rd period - Shot by Mikael Granlund.
9:20 of 3rd period - Shot Misses the Net.
9:51 of 3rd period - Minor Penalty to Mikael Granlund for Tripping.
9:52 of 3rd period - Ryan Carpenter wins face-off versus Mark Scheifele in BOSTON Bruins zone.
10:07 of 3rd period - Shot by Mario Ferraro.
10:07 of 3rd period - Stopped by Jacob Markstrom without a rebound.
10:08 of 3rd period - Mikael Backlund wins face-off versus Ryan Carpenter in BOSTON Bruins zone.
10:24 of 3rd period - Off-side.
10:25 of 3rd period - Mark Scheifele wins face-off versus Ryan Carpenter in neutral zone.
11:15 of 3rd period - Shot by Justin Scott.
11:15 of 3rd period - Shot Misses the Net.
11:17 of 3rd period - Shot by Mario Ferraro.
11:17 of 3rd period - Goal by Mario Ferraro - FLORIDA Panthers : 4 - BOSTON Bruins : 5.
11:18 of 3rd period - Mikael Granlund wins face-off versus Cody Eakin in neutral zone.
11:31 of 3rd period - Shot by Mikael Granlund.
11:31 of 3rd period - Stopped by Jake Allen with a rebound.
11:48 of 3rd period - Shot by Cody Eakin.
11:48 of 3rd period - Stopped by Jacob Markstrom without a rebound.
11:49 of 3rd period - Mark Scheifele wins face-off versus Elias Pettersson in BOSTON Bruins zone.
11:50 of 3rd period - Shot by Rickard Rakell.
11:50 of 3rd period - Stopped by Jacob Markstrom without a rebound.
11:51 of 3rd period - Mark Scheifele wins face-off versus Elias Pettersson in BOSTON Bruins zone.
12:12 of 3rd period - Shot by Elias Pettersson.
12:12 of 3rd period - Stopped by Jake Allen without a rebound.
12:13 of 3rd period - Mikael Backlund wins face-off versus Thomas Novak in FLORIDA Panthers zone.
12:29 of 3rd period - Dmitri Orlov is hit by Ian Cole and loses puck.
13:58 of 3rd period - Icing by Thomas Novak.
13:59 of 3rd period - Cody Eakin wins face-off versus Thomas Novak in BOSTON Bruins zone.
14:10 of 3rd period - Shot by Cody Eakin.
14:10 of 3rd period - Deflect By Justin Scott.
14:10 of 3rd period - Stopped by Jacob Markstrom with a rebound.
14:12 of 3rd period - Shot by Barclay Goodrow.
14:12 of 3rd period - Stopped by Jacob Markstrom without a rebound.
14:13 of 3rd period - Mikael Granlund wins face-off versus Mikael Backlund in BOSTON Bruins zone.
14:54 of 3rd period - Carter Verhaeghe is hit by Adam Boqvist and loses puck.
15:38 of 3rd period - Icing by Henri Jokiharju.
15:39 of 3rd period - Elias Pettersson wins face-off versus Cody Eakin in BOSTON Bruins zone.
15:39 of 3rd period - Matt Grzelcyk is hit by Justin Scott and loses puck.
15:50 of 3rd period - Shot by Andre Burakovsky.
15:50 of 3rd period - Shot Blocked by Nikita Zadorov.
15:52 of 3rd period - Shot by Elias Pettersson.
15:52 of 3rd period - Stopped by Jake Allen with a rebound.
16:13 of 3rd period - Andre Burakovsky is hit by Jacob Trouba and loses puck.
17:13 of 3rd period - Shot by Alex Iafallo.
17:13 of 3rd period - Shot Misses the Net.
17:15 of 3rd period - Shot by Matt Dumba.
17:15 of 3rd period - Stopped by Jake Allen without a rebound.
17:16 of 3rd period - Mikael Granlund wins face-off versus Rickard Rakell in FLORIDA Panthers zone.
17:23 of 3rd period - Mario Ferraro is hit by Jake DeBrusk.
17:44 of 3rd period - Kiril Kaprizov is hit by Rasmus Andersson and loses puck.
17:55 of 3rd period - Jonathan Marchessault is hit by Kiril Kaprizov and loses puck.
18:06 of 3rd period - Ian Cole is hit by Jonathan Marchessault and loses puck.
18:10 of 3rd period - Icing by Ian Cole.
18:11 of 3rd period - Mark Scheifele wins face-off versus Thomas Novak in FLORIDA Panthers zone.
18:27 of 3rd period - Dmitri Orlov is hit by Noah Hanifin and loses puck.
18:45 of 3rd period - Shot by Thomas Novak.
18:45 of 3rd period - Shot Misses the Net.
18:47 of 3rd period - Shot by Alex Iafallo.
18:47 of 3rd period - Deflect By Ryan Carpenter .
18:47 of 3rd period - Stopped by Jake Allen without a rebound.
18:48 of 3rd period - Cody Eakin wins face-off versus Elias Pettersson in FLORIDA Panthers zone.
19:00 of 3rd period - Shot by Kaapo Kakko.
19:00 of 3rd period - Stopped by Jake Allen without a rebound.
19:01 of 3rd period - Mark Scheifele wins face-off versus Jonathan Marchessault in FLORIDA Panthers zone.
19:06 of 3rd period - FLORIDA Panthers, Jake Allen is pulled from the net.
19:40 of 3rd period - Shot by Kiril Kaprizov.
19:40 of 3rd period - Stopped by Jacob Markstrom without a rebound.
19:41 of 3rd period - Mikael Granlund wins face-off versus Mark Scheifele in BOSTON Bruins zone.
19:56 of 3rd period - Shot by Jonathan Marchessault.
19:56 of 3rd period - Shot Blocked by Noah Hanifin.
19:58 of 3rd period - Shot by Jake DeBrusk.
19:58 of 3rd period - Shot Blocked by Jared Spurgeon .
Goals for this period are 3 for FLORIDA Panthers vs 1 for BOSTON Bruins.
Shots for this period are 9 for FLORIDA Panthers vs 8 for BOSTON Bruins.